 Dungeon Crawl Stone Soup version 0.20-a0-623-g0431c14 (webtiles) character file.

4872 shpingle the Slinger (level 10, -2/79 HPs)
             Began as a Formicid Hunter on Feb 10, 2017.
             Was an Initiate of Ieoh Jian.
             Slain by a two-headed ogre
             ... wielding a +0 giant club
              (11 damage)
             ... on level 10 of the Dungeon.
             The game lasted 00:55:49 (11123 turns).

shpingle the Slinger (Formicid Hunter)             Turns: 11123, Time: 00:55:50

Health: -2/79      AC: 12    Str: 22    XL:     10   Next: 79%
Magic:  9/9        EV: 14    Int: 13    God:    Ieoh Jian [......]
Gold:   289        SH:  0    Dex: 17    Spells: 9/9 levels left

rFire    . . .     SeeInvis +   b - +1 falchion (holy)
rCold    . . .     Gourm    .   l - +0 ring mail
rNeg     . . .     Faith    .   (no shield)
rPois    .         Spirit   .   (helmet unavailable)
rElec    .         Reflect  .   J - +2 cloak
rCorr    .         Harm     .   i - +1 pair of gloves
MR       +....                  (no boots)
Stlth    +.........             Z - amulet of magic regeneration
Regen    0.3/turn               P - +3 ring of dexterity
                                F - ring of wizardry

@: mighty, lethally poisoned (-2 -> -2)
A: permanent stasis, dig shafts and tunnels, four strong arms, antennae 3,
rugged brown scales 1, clever 1, low mp 1, evolution 1
a: Dig, Shaft Self, Renounce Religion


You were on level 10 of the Dungeon.
You worshipped Ieoh Jian.
Ieoh Jian was noncommittal.
You were not hungry.

You visited 2 branches of the dungeon, and saw 14 of its levels.

You collected 289 gold pieces.

Inventory:

Hand Weapons
 a - a +1 hunting sling
 b - a +1 falchion of holy wrath (weapon)
 p - a +0 whip of holy wrath
Missiles
 d - 57 sling bullets
 g - 3 stones (quivered)
 y - 6 tomahawks
Armour
 c - a +0 leather armour
 i - a +1 pair of gloves (worn)
 l - a +0 ring mail (worn)
 J - a +2 cloak (worn)
 Q - a +0 robe of magic resistance
 W - a +0 plate armour
Jewellery
 F - a ring of wizardry (left hand)
 O - an uncursed amulet of guardian spirit {unknown}
 P - a +3 ring of dexterity (right hand)
 Z - an amulet of magic regeneration (around neck)
Wands
 E - a wand of enslavement (20/24)
 R - a wand of paralysis (6/24)
 V - a wand of paralysis (10/24)
Scrolls
 t - 3 scrolls of remove curse
 T - a scroll of immolation
 U - a scroll of identify
 X - a scroll of torment {unknown}
 Y - a scroll of magic mapping
Potions
 m - a potion of magic
 v - a potion of flight
Comestibles
 f - 8 bread rations
 s - 5 royal jellies
 K - 3 meat rations
 S - a fruit


   Skills:
 - Level 6.9 Fighting
   Level 0.2(3.7) Short Blades
 * Level 6.0 Long Blades
 - Level 11.5 Slings
 + Level 5.6 Armour
 + Level 5.0 Dodging
 - Level 1.5 Stealth


You had 9 spell levels left.
You didn't know any spells.

Dungeon Overview and Level Annotations

Branches:
Dungeon (14/15)            Temple (1/1) D:6          Vaults (0/5) D:14
   Lair: D:8-11         Orc: D:9-12

Altars:
Ashenzari
Cheibriados
Dithmenos
Elyvilon
Fedhas
Gozag
Hepliaklqana Ieoh Jian
Kikubaaqudgha
Makhleb
Nemelex Xobeh
Okawaru
Qazlal
Ru
Sif Muna
Trog
Uskayaw
Vehumet
Yredelemnul
Zin
The Shining One

Annotations:
D:5 1 runed door, exclusion: downstairs
D:7 exclusions: downstairs and 2 upstairs
D:8 Grum


Innate Abilities, Weirdness & Mutations

You cannot be hasted, slowed, berserked, paralysed or teleported.
You can dig through walls and to a lower floor.
Your four strong arms can wield two-handed weapons with a shield.
You have a pair of large antennae on your head. (SInv)
You are partially covered in rugged brown scales. (AC +1, +3% HP)
Your mind is acute. (Int +2)
Your magical capacity is low. (-10% MP)
You evolve.


Message History

* * * LOW HITPOINT WARNING * * *
The two-headed ogre barely misses you.
You hit the two-headed ogre.
The two-headed ogre is severely wounded.
The two-headed ogre hits you with a giant club!
* * * LOW HITPOINT WARNING * * *
The two-headed ogre barely misses you.
You slash the two-headed ogre!
The two-headed ogre is severely wounded.
You slash the two-headed ogre!
The two-headed ogre is almost dead.
You feel sick.
The two-headed ogre hits you with a giant club!
* * * LOW HITPOINT WARNING * * *
The two-headed ogre hits you but does no damage.
You barely miss the two-headed ogre.
The two-headed ogre is almost dead.
The two-headed ogre barely misses you.
The two-headed ogre hits you with a dire flail!
You die... ███ ██@█ █O█████████

██{y{......
█████████████{{......██
............{{.........
........███.█........█
█......y....█...°....█
.█████.█████....!...█
█..yy.+........█


You could see a two-headed ogre.

Vanquished Creatures
  A centaur warrior (D:7)
  Pikel (D:6)
  A centaur skeleton (D:11)
  Grinder (D:3)
  A spriggan (D:7)
  Sigmund (D:3)
  Duvessa (D:6)
  A hornet zombie (D:11)
  An orc warrior (D:7)
  2 ice beasts (D:7)
  3 phantoms
  A sky beast (D:7)
  An ogre (D:7)
  2 wolves (D:8)
  3 centaurs
  6 bullfrogs
  Dowan (D:6)
  4 killer bees
  A howler monkey (D:5)
  3 crimson imps
  3 bullfrog zombies
  A quasit (D:11)
  6 hounds
  A jelly (D:5)
  A bullfrog skeleton (D:6)
  6 orc wizards
  2 iguanas (D:5)
  5 worker ants
  The ghost of miltonslavemasta the Ducker, a weakling DsGl (D:3)
  A hound skeleton (D:4)
  A worker ant zombie (D:11)
  8 adders
  4 oozes
  An adder skeleton (D:4)
  5 worms
  5 dart slugs
  2 leopard geckos
  19 orcs
  3 ball pythons
  12 bats
  5 giant cockroaches
  4 goblins
  5 hobgoblins
  8 jackals
  11 kobolds
  A quokka (D:5)
  A frilled lizard (D:2)
  A quokka zombie (D:6)
  7 rats
166 creatures vanquished.

Vanquished Creatures (others)
  A slave (D:6)
  A bullfrog (D:6)
  An orc wizard (D:6)
  A plant (D:10)
4 creatures vanquished.

Grand Total: 170 creatures vanquished

Notes
Turn   | Place    | Note
-------+----------+-------------------------------------------
     0 | D:1      | shpingle the Formicid Hunter began the quest for the Orb.
     0 | D:1      | Reached XP level 1. HP: 16/16 MP: 1/1
   117 | D:1      | Reached XP level 2. HP: 23/23 MP: 2/2
   244 | D:1      | Reached XP level 3. HP: 28/28 MP: 3/3
   332 | D:1      | Reached skill level 5 in Slings
  1264 | D:2      | Reached skill level 3 in Fighting
  1388 | D:2      | Reached XP level 4. HP: 35/35 MP: 4/4
  2038 | D:3      | Reached XP level 5. HP: 29/42 MP: 5/5
  2213 | D:3      | Noticed miltonslavemasta's ghost (weakling DsGl)
  2266 | D:3      | Killed miltonslavemasta's ghost
  2266 | D:3      | Reached skill level 6 in Slings
  2599 | D:3      | Noticed Grinder
  2612 | D:3      | Killed Grinder
  2612 | D:3      | Reached skill level 7 in Slings
  2612 | D:3      | Reached XP level 6. HP: 41/49 MP: 6/6
  2721 | D:3      | Found a sacrificial altar of Ru.
  2776 | D:3      | You fall through a shaft!
  2826 | D:3      | Found an opulent altar of Gozag.
  2896 | D:3      | Reached XP level 7. HP: 55/55 MP: 7/7
  3027 | D:3      | Noticed Sigmund
  3036 | D:3      | Killed Sigmund
  3365 | D:4      | Reached skill level 8 in Slings
  3706 | D:4      | Reached XP level 8. HP: 36/64 MP: 8/8
  4224 | D:4      | Reached skill level 6 in Fighting
  4394 | D:5      | Entered Level 5 of the Dungeon
  4396 | D:5      | Found a hazy altar of Hepliaklqana.
  4800 | D:4      | Reached skill level 9 in Slings
  5546 | D:5      | Found a runed door.
  5932 | D:6      | Noticed Dowan
  5952 | D:5      | Reached skill level 10 in Slings
  6196 | D:5      | You fall through a shaft for 2 floors!
  6574 | D:6      | Noticed Duvessa
  6594 | D:6      | Killed Duvessa
  6594 | D:6      | Reached XP level 9. HP: 60/71 MP: 9/9
  6602 | D:6      | Killed Dowan
  6687 | D:6      | Noticed Pikel
  6762 | D:6      | Killed Pikel
  6762 | D:6      | Reached skill level 3 in Dodging
  6953 | D:6      | Found a glowing golden altar of the Shining One.
  7020 | D:6      | Became a worshipper of the Shining One
  7051 | D:6      | Found a deep blue altar of Sif Muna.
  7052 | D:6      | Found a shadowy altar of Dithmenos.
  7069 | D:6      | Found a staircase to the Ecumenical Temple.
  7128 | D:6      | Found an iron altar of Okawaru.
  7191 | D:7      | Reached skill level 3 in Armour
  7196 | D:7      | Reached skill level 11 in Slings
  7411 | D:7      | Reached skill level 3 in Long Blades
  7674 | D:7      | Reached XP level 10. HP: 74/77 MP: 10/10
  8171 | Temple   | Entered the Ecumenical Temple
  8179 | Temple   | Fell from the grace of the Shining One
  8179 | Temple   | Became a worshipper of the Ieoh Jian Council
  9103 | D:8      | Noticed a centaur warrior
  9131 | D:7      | Killed a centaur warrior
 10119 | D:8      | Gained mutation: Your magical capacity is low. (-10% MP) [potion of mutation]
 10119 | D:8      | Gained mutation: You are partially covered in rugged brown scales. (AC +1, +3% HP) [potion of mutation]
 10119 | D:8      | Gained mutation: You evolve. [potion of mutation]
 10168 | D:8      | Noticed Grum
 10218 | D:8      | HP: 3/79 [Grum/glaive (8)]
 10220 | D:8      | You fall through a shaft for 3 floors!
 10238 | D:11     | Noticed a two-headed ogre
 10240 | D:11     | You fall through a shaft for 3 floors!
 10240 | D:14     | Found a gate to the Vaults.
 10240 | D:14     | Noticed a vault guard
 10240 | D:14     | Noticed a vault guard
 10240 | D:14     | Noticed a vault guard
 10240 | D:14     | Noticed a vault guard
 10240 | D:14     | Noticed a vault guard
 10240 | D:14     | Noticed a vault guard
 10240 | D:14     | Noticed a vault guard
 10240 | D:14     | Noticed a vault guard
 10640 | D:11     | Gained mutation: Your mind is acute. (Int +2) [evolution]
 10821 | D:11     | Noticed a seven-headed hydra
 10830 | D:11     | Reached skill level 6 in Long Blades
 10833 | D:11     | You fall through a shaft!
 11091 | D:10     | Entered Level 10 of the Dungeon
 11101 | D:10     | Noticed a two-headed ogre
 11123 | D:10     | Slain by a two-headed ogre

Vault maps used:
D:1:      erik_arrival_gehennom, item_on_display_a
D:2:      minivault_24
D:3:      nicolae_gozag_cash_rules_everything_around_me,
          nicolae_ru_path_of_blood, uniq_grinder, uniq_sigmund
D:4:      item_on_display_a
D:5:      basic_altar, first_bread, uniq_crazy_yiuf_cottage
D:6:      kennysheep_mini, nicolae_overflow_hidden_temple,
          minmay_temple_entry_from_below_a, grunt_ministairs_3,
          minmay_liquid_box, minmay_misc_feat_doors, hangedman_decor_points,
          minmay_misc_feat_x, uniq_duvessa, uniq_pikel
D:7:      the_bakery
D:8:      lemuel_ice_spiral_2, lemuel_crystal_altar, uniq_grum
D:10:     minmay_lair_entry_grove, uniq_snorg
D:11:     minmay_opposing_rooms, orc_0_dummy, special_room
D:12:     minmay_crystal_box
D:14:     erik_vaults_2
Temple:   regret_index_temple_waves

Skill      XL: |  1  2  3  4  5  6  7  8  9 10 |
---------------+-------------------------------+-----
Slings         | 5 7 8 10 11 | 11.5
Fighting       | 3 4 5 6 |  6.9
Dodging        | 2 3 5 |  5.0
Long Blades    | 3 6 |  6.0
Armour         | 3 5 |  5.6
Short Blades   | |  0.2
Stealth        | |  1.5

Action                   |  1- 3 |  4- 6 |  7- 9 | 10-12 || total
-------------------------+-------+-------+-------+-------++-------
Melee: Short sword       |    23 |       |     6 |       ||    29
       Falchion          |       |       |     3 |    62 ||    65
 Fire: Hunting sling     |    69 |   179 |   553 |   214 ||  1015
Throw: Stone             |       |       |     3 |       ||     3
 Abil: Dig               |       |       |     8 |     8 ||    16
       Shaft Self        |       |       |     1 |     3 ||     4
Evoke: Wand              |       |       |       |    11 ||    11
  Use: Scroll            |       |       |    10 |     9 ||    19
       Potion            |       |       |     2 |     5 ||     7
  Eat: Chunk             |     1 |     4 |    25 |     3 ||    33
Armor: Leather armour    |    12 |       |       |       ||    12
       Ring mail         |     9 |    21 |    84 |    73 ||   187
Dodge: Dodged            |    29 |    49 |   115 |   149 ||   342
       Rpst.: Falchion   |       |       |       |     9 ||     9
